 Dungeon Crawl Stone Soup version 0.18-a0-1685-g4482fe3 (webtiles) character file.

1323 4thArraOfDagon the Cleaver (level 8, -8/69 HPs)
             Began as a Hill Orc Berserker on Apr 4, 2016.
             Was a Priest of Trog.
             Mangled by an orc warrior
             ... wielding a +0 long sword
              (15 damage)
             ... on level 7 of the Dungeon.
             The game lasted 00:07:01 (1270 turns).

4thArraOfDagon the Cleaver (Hill Orc Berserker)     Turns: 1270, Time: 00:07:02

Health: -8/69      AC: 15    Str: 22    XL:     8   Next: 59%
Magic:  17/17      EV: 12    Int:  7    God:    Trog [***...]
Gold:   183        SH:  0    Dex: 15    Spells: 0 memorised, 7 levels left

rFire  . . .     SeeInvis .     g - +0 war axe
rCold  . . .     Gourm    .     y - +0 plate armour
rNeg   . . .     Faith    .     (no shield)
rPois  .         Spirit   .     (no helmet)
rElec  .         Dismiss  .     (no cloak)
rCorr  .         Reflect  .     (no gloves)
SustAt .         Harm     .     x - +2 pair of boots
MR     ++...                    (no amulet)
Stlth  ..........               (no ring)
                                k - ring of magical power

@: agile, exhausted, regenerating, slowed, very slow, very resistant to hostile
enchantments, extremely unstealthy
A: no striking features
a: Berserk, Trog's Hand, Burn Spellbooks, Renounce Religion


You were on level 7 of the Dungeon.
You worshipped Trog.
Trog was most pleased with you.
You were very hungry.

You visited 1 branch of the dungeon, and saw 7 of its levels.

You collected 183 gold pieces.

Inventory:

Hand Weapons
 g - a +0 war axe (weapon)
Armour
 x - a +2 pair of boots (worn)
 y - a +0 plate armour (worn)
Jewellery
 k - a ring of magical power (left hand)
Wands
 t - a wand of slowing (31/48)
 A - a wand of confusion (15/48)
 B - a wand of digging (11/24)
Scrolls
 a - a scroll of remove curse {unknown}
 c - a scroll of teleportation {unknown}
 d - a scroll of enchant armour {unknown}
 f - 2 scrolls of recharging {unknown}
 i - 2 scrolls of enchant weapon {unknown}
 l - a scroll of magic mapping {unknown}
 u - a scroll of noise {unknown}
 w - a scroll of fog {unknown}
 C - a scroll of identify
Potions
 e - a potion of might
 h - a potion of brilliance
 j - 2 potions of haste
 o - 2 potions of curing {unknown}
 p - a potion of lignification {unknown}
 q - a potion of degeneration {unknown}
 r - 2 potions of agility
 v - a potion of magic {unknown}
 z - a potion of ambrosia {unknown}
Books
 m - a book of the Tempests

   Spells                             Type                      Level
   a - Static Discharge               Conjuration/Air              3
   b - Lightning Bolt                 Conjuration/Air              5
   c - Fireball                       Conjuration/Fire             5
   d - Tornado                        Air                          9
   e - Shatter                        Earth                        9
   Trog disapproves of the use of such an item.
 n - a Young Poisoner's Handbook

   Spells                             Type                      Level
   a - Sting                          Conjuration/Poison           1
   b - Cure Poison                    Poison                       2
   c - Mephitic Cloud                 Conjuration/Poison/Air       3
   d - Olgreb's Toxic Radiance        Poison                       4
   e - Venom Bolt                     Conjuration/Poison           5
   Trog disapproves of the use of such an item.
Comestibles
 b - 6 bread rations
 s - 4 chunks of flesh


   Skills:
 - Level 5.4 Fighting
 * Level 10.6 Axes
 + Level 4.5 Armour
 - Level 1.5 Dodging
 - Level 4.6 Unarmed Combat


You had 7 spell levels left.
You didn't know any spells.

Dungeon Overview and Level Annotations

Branches:
Dungeon (7/15)
 Temple: D:4-7

Altars:

Annotations:
D:4 namelastname112's ghost, amateur DrWr


Message History

* * * LOW HITPOINT WARNING * * *
Unknown command.
Unknown command.
Unknown command.
Unknown command.
Unknown command.
Unknown command.
Drink which item? (? for menu, Esc to quit)
It was a potion of agility.
You feel agile all of a sudden. The orc warrior closely misses you.
Evoke which item? (* to show all) (? for menu, Esc to quit)
Zapping:
A - a wand of confusion {zapped: 7} (will waste charges)
Press: ? - help, Shift-Dir - straight line, f/p - orc warrior
Aim: an orc warrior, wielding a long sword and wearing a plate armour (severely wounded, chance to defeat MR: 46%)
The orc warrior resists with some effort.
Evoking this partially-identified wand wasted a few charges.
The orc warrior hits you but does no damage.
The orc warrior hits you with a long sword!
You die...

### #...# #.. #...# ###
#.# #...#....#######.#
#...#.##.#.....#.# #..
#..)#.##.#.# #.#.# #...
#..........###....
#....##o...###.#.....#..
#.....)@)............###
#######)...............#
#...#####......#.#
#..............#.#
#..######......# #
...... #......# .......
.......# .....#...
#......### .....#..#
....#..#..


You could see an orc warrior.

Vanquished Creatures
  2 ice beasts (D:7)
  5 ogres
  A centaur (D:7)
  A scorpion (D:5)
  A water moccasin skeleton (D:7)
  A howler monkey (D:4)
  A crimson imp (D:7)
  A jelly (D:7)
  2 orc priests
  2 hounds
  An orc wizard (D:3)
  An iguana (D:5)
  4 worker ants
  2 hound skeletons (D:4)
  4 adders
  3 shadow imps (D:5)
  An ooze (D:4)
  3 giant geckos
  15 orcs
  4 ball pythons
  3 giant cockroaches
  3 goblins
  3 hobgoblins
  3 jackals (D:4)
  5 bats
  3 giant newts
  3 kobolds
  A quokka zombie (D:6)
  5 rats
84 creatures vanquished.

Notes
Turn   | Place    | Note
--------------------------------------------------------------
     0 | D:1      | 4thArraOfDagon the Hill Orc Berserker began the quest for the Orb.
     0 | D:1      | Reached XP level 1. HP: 19/19 MP: 1/1
     0 | D:1      | BAD
    63 | D:1      | Reached XP level 2. HP: 11/26 MP: 2/2
   232 | D:2      | Reached XP level 3. HP: 24/31 MP: 3/3
   276 | D:1      | Reached ** piety under Trog
   356 | D:3      | Reached XP level 4. HP: 41/41 MP: 4/4
   368 | D:3      | Reached skill level 5 in Fighting
   487 | D:4      | Noticed an ogre
   493 | D:4      | Killed an ogre
   493 | D:4      | Reached skill level 3 in Axes
   493 | D:4      | Reached XP level 5. HP: 33/48 MP: 5/5
   541 | D:4      | Reached skill level 4 in Axes
   542 | D:4      | Reached XP level 6. HP: 18/56 MP: 6/6
   593 | D:4      | Reached skill level 5 in Axes
   602 | D:4      | Reached skill level 6 in Axes
   652 | D:4      | Reached skill level 7 in Axes
   652 | D:4      | Reached XP level 7. HP: 61/61 MP: 7/7
   721 | D:4      | Noticed namelastname112's ghost (amateur DrWr)
   728 | D:5      | Entered Level 5 of the Dungeon
   945 | D:5      | Reached skill level 8 in Axes
  1040 | D:5      | Reached skill level 9 in Axes
  1096 | D:7      | Reached *** piety under Trog
  1096 | D:7      | Reached XP level 8. HP: 69/69 MP: 8/8
  1203 | D:7      | Reached skill level 10 in Axes
  1270 | D:7      | Mangled by an orc warrior

Vault maps used:
D:1:      tarquinn_simple_flora_water_e, nrook_mini_vaults, serial_bayou_pond_a,
          nemelex_xobeh_ov_fountains_minmay
D:3:      gammafunk_temple_overflow_wave
D:4:      minmay_temple_entry_large_hall, minmay_joined_circles, uniq_edmund
D:5:      first_bread
D:7:      serial_shops, kennysheep_mini

Skill      XL: |  1  2  3  4  5  6  7  8 |
---------------+-------------------------+-----
Unarmed Combat | 4 |  4.6
Fighting       | 4 5 |  5.4
Axes           | 3 4 7 9 10 | 10.6
Armour         | 3 4 |  4.5
Dodging        | |  1.5

Action                   |  1- 3 |  4- 6 |  7- 9 || total
-------------------------+-------+-------+-------++-------
Melee: Unarmed           |    94 |    26 |       ||   120
       War axe           |       |    40 |    78 ||   118
Invok: Berserk           |     1 |     4 |     6 ||    11
       Trog's Hand       |       |     2 |     1 ||     3
Evoke: Wand              |       |       |     4 ||     4
  Use: Scroll            |     3 |       |     1 ||     4
       Potion            |       |       |     1 ||     1
  Eat: Meat ration       |       |     1 |       ||     1
       Chunk             |       |       |     7 ||     7
